 Dungeon Crawl Stone Soup version 0.32-a0-995-gb4a59205af (webtiles) character file.

Game seed: 2201391065683575236

42 senseless the Trooper (level 3, -7/33 HPs)
             Began as a Minotaur Fighter on Apr 22, 2024.
             Mangled by a gnoll
             ... wielding a +0 halberd
              (12 damage)
             ... on level 2 of the Dungeon.
             The game lasted 00:01:45 (810 turns).

senseless the Trooper (Minotaur Fighter)             Turns: 810, Time: 00:01:46

Health: -7/33      AC:  7    Str: 22    XL:     3   Next: 35%
Magic:  2/2        EV:  8    Int:  5    God:
Gold:   56         SH:  4    Dex:  9    Spells: 2/2 levels left

rFire   . . .        a - +0 war axe
rCold   . . .        c - +0 buckler
rNeg    . . .        f - +0 scale mail
rPois   .            (helmet restricted)
rElec   .            (no cloak)
rCorr   .            (no gloves)
SInv    .            (no boots)
Will    .....        (no amulet) Stlth
                     j - ring of wizardry
HPRegen 0.25/turn    (no ring)
MPRegen 0.08/turn

%: wizardry (x1)
@: mighty
A: horns 2, retaliatory headbutt
a: no special abilities


You were on level 2 of the Dungeon.
You visited 1 branch of the dungeon, and saw 2 of its levels.

You collected 56 gold pieces.

Inventory:

Hand Weapons
 a - a +0 war axe (weapon)
 b - a +0 arbalest
Armour
 c - a +0 buckler (worn)
 f - a +0 scale mail (worn)
Jewellery
 j - a ring of wizardry (left hand)
Scrolls
 i - a scroll of identify {unknown}
 k - a scroll of enchant weapon {unknown}
 l - a scroll of poison {unknown}
Potions
 e - 2 potions of curing {unknown}
 g - a potion of mutation {unknown}
 h - a potion of brilliance {unknown}


   Skills:
 + Level 4.1 Fighting
 + Level 3.1 Axes
 + Level 4.1 Armour
 + Level 4.1 Shields


You had 2 spell levels left.
You didn't know any spells.
Your spell library contained the following spells:

 Spells                   Type           Power      Damage    Failure   Level
 Summon Small Mammal      Summ           0%         N/A       52%         1
 Call Canine Familiar     Summ           0%         N/A       86%         3
 Summon Blazeheart Golem  Fire/Summ      0%         N/A       99%         4


Dungeon Overview and Level Annotations

Branches:
Dungeon (2/15)

Altars:
Sif Muna


Innate Abilities, Weirdness & Mutations

You have a pair of horns on your head.
You reflexively headbutt those who attack you in melee.


Message History

You are too injured to fight recklessly!
You are too injured to fight recklessly!
You are too injured to fight recklessly!
You are too injured to fight recklessly!
You are too injured to fight recklessly!
You are too injured to fight recklessly!
You are too injured to fight recklessly!
You are too injured to fight recklessly!
You are too injured to fight recklessly!
You are too injured to fight recklessly!
You are too injured to fight recklessly!
You are too injured to fight recklessly!
You are too injured to fight recklessly!
The giant cockroach attacks as it pursues you!
You block the giant cockroach's attack. The gnoll attacks as it pursues you!
The gnoll barely misses you. The gnoll attacks as it pursues you!
The gnoll hits you but does no damage.
The giant cockroach attacks as it pursues you!
The giant cockroach barely misses you. The gnoll attacks as it pursues you!
The gnoll hits you from afar with a +0 spear.
The giant cockroach barely misses you.
You slash the giant cockroach!
You kill the giant cockroach!
You feel very mighty all of a sudden.
You hit the gnoll.
You kill the gnoll!
The gnoll hits you from afar with a +0 spear.
The gnoll closely misses you. x2
You see here a +0 whip.
You slash the gnoll! Your headbutt misses the gnoll.
The gnoll is severely wounded.
The gnoll completely misses you.
The gnoll hits you from afar with a +0 halberd.
* * * LOW HITPOINT WARNING * * *
The gnoll hits you with a +0 spear.
* * * LOW HITPOINT WARNING * * *
You slash the gnoll!
You kill the gnoll!
The gnoll hits you from afar with a +0 halberd!
You die...

# ...# #...#
.#.#.##.#####.#.####
...................>
#.####.#.#########.
#. #...#.# #. #.
###.#.#.# #. #.
#...###.# #. #.
#.### #.. #. #. #@#
### #. #.###)# #.
#.g.gg### #. #.
#g.#....# #.
#...#..#.|%.#
#.#####. #....######
#.......
#..gg.......
#######.
#.....#####.
#.....#. #.....#
#.##....


You could see 2 gnolls.

Vanquished Creatures
  2 gnolls (D:2)
  5 endoplasms
  2 giant cockroaches
  3 goblins
  4 hobgoblins
  2 kobolds (D:1)
  2 quokkas
  3 ball pythons (D:1)
  3 bats
  3 frilled lizards (D:1)
  A rat (D:1)
30 creatures vanquished.

Notes
Turn   | Place    | Note
-------+----------+-------------------------------------------
     0 | D:1      | senseless the Minotaur Fighter began the quest for the Orb.
     0 | D:1      | Reached XP level 1. HP: 19/19 MP: 0/0
   148 | D:1      | Reached XP level 2. HP: 27/27 MP: 1/1
   699 | D:2      | Found a faded altar of an unknown god.
   711 | D:2      | Prayed at the altar of an unknown god.
   711 | D:2      | Became a worshipper of Sif Muna the Loreminder
   711 | D:2      | Reached * piety under Sif Muna
   712 | D:2      | Fell from the grace of Sif Muna
   716 | D:2      | Reached XP level 3. HP: 33/33 MP: 2/2
   810 | D:2      | Mangled by a gnoll

Illustrated notes

Levels and vault maps discovered:
D:1:      matt_arrival_diagonals, layout_loops_ring
D:2:      layout_basic, shapermc_ecumenical_altar_acropolis

Skill      XL: |  1  2 |
---------------+-------+-----
Fighting       | 4 |  4.1
Armour         | 4 |  4.1
Shields        | 4 |  4.1
Axes           | 3 |  3.1

Action                     || total
---------------------------++-------
  Melee: War axe           ||    56
         Headbutt          ||     6
 Invoke: Renounce Religion ||     1
    Use: Potion            ||     1
 Armour: Scale mail        ||    47
  Dodge: Dodged            ||    26
  Block: Buckler           ||    10

Table legend: (Time is in decaauts)
 A = Elapsed time spent in this place.
 B = Non-inter-level travel time spent in this place.
 C = Inter-level travel time spent in this place.
 D = Time resting spent in this place.
 E = Time spent auto-exploring this place.
 F = Levels seen in this place.
 G = Mean time per level.
                   A        B        C        D        E       F      G
               +--------+--------+--------+--------+--------+-----+--------+
         Total |    830 |    799 |     31 |      0 |    607 |   2 |  415.0 |
       Dungeon |    830 |    799 |     31 |      0 |    607 |   2 |  415.0 |
               +--------+--------+--------+--------+--------+-----+--------+

Top non-repeatable levels by time:
     D:1: 701 daAuts
     D:2: 129 daAuts
